 Dungeon Crawl Stone Soup version 0.30-a0-166-g5d06c95188 (webtiles) character file.

Game seed: 4982260294069865138

89946 qw the Severer (level 15, -10/98 HPs)
             Began as a Gargoyle Fighter on Sept 29, 2022.
             Was a High Priest of Okawaru.
             Mangled by Urug
             ... wielding a +1 long sword of draining
              (25 damage)
             ... while paralysed by an orc sorcerer
             ... on level 2 of the Orcish Mines.
             The game lasted 00:10:32 (22673 turns).

qw the Severer (Gargoyle Fighter)                  Turns: 22673, Time: 00:10:32

Health: -10/98     AC: 44    Str: 27    XL:     15   Next: 99%
Magic:  5/11       EV:  2    Int: 13    God:    Okawaru [*****.]
Gold:   758        SH:  0    Dex:  9    Spells: 14/14 levels left

rFire   + + +      SeeInvis .    h - +6 broad axe of World's End {venom, rPois rF+++ MP-9 Int+4}
rCold   + + .      Faith    .    c - +0 buckler
rNeg    + + .      Spirit   .    u - +2 plate armour {rC+}
rPois   inf        Reflect  .    b - +1 hat
rElec   +          Harm     .    i - +2 cloak
rCorr   .          Rampage  .    e - +2 pair of gloves
Will    +....                    E - +3 pair of mountain boots {steadfast, rC+}
Stlth   ..........               y - amulet of regeneration
HPRegen 1.06/turn                A - ring of Kefanugapn {Wiz rElec rN+}
MPRegen 0.12/turn                n - +4 ring of evasion

@: paralysed, heroic, finesse-ful, flying
A: sickness immunity, AC +11, big wings, negative energy resistance 1,
electricity resistance, torment resistance 1, petrification resistance, low MP 1
a: Renounce Religion, Heroism, Finesse, Duel


You were on level 2 of the Orcish Mines.
You worshipped Okawaru.
Okawaru was extremely pleased with you.
You visited 4 branches of the dungeon, and saw 23 of its levels.

You collected 2334 gold pieces.
You spent 1576 gold pieces at shops.


Innate Abilities, Weirdness & Mutations

You are immune to sickness and miasma.
Your stone body is resilient. (AC +11)
You are immune to poison.
Your large and strong wings let you fly.
You resist negative energy. (rN+)
You are resistant to electric shocks. (rElec)
You are resistant to unholy torment.
You are immune to petrification.
Your magical capacity is low. (-10% MP)


   Skills:
 - Level 13.0(18.0) Fighting
 - Level 18.0(23.0) Axes
 - Level 4.2(9.2) Throwing
 - Level 12.0(17.0) Armour
 - Level 3.0(8.0) Dodging
 + Level 8.9(13.9) Shields
 - Level 10.0 Invocations


You had 14 spell levels left.
You didn't know any spells.
Your spell library was empty.

Inventory:

Hand Weapons
 g - a +2 broad axe of flaming
 h - the +6 broad axe of World's End (weapon) {venom, rPois rF+++ MP-9 Int+4}
   (Okawaru gifted it to you on level 10 of the Dungeon)

   It poisons the flesh of those it strikes.
   Int:       It affects your intelligence (+4).
   rF:        It renders you almost immune to fire.
   rPois:     It protects you from poison.
   MP:        It affects your magic capacity (-9).
 t - a +3 vampiric war axe
Missiles
 z - 6 boomerangs
 B - 3 silver boomerangs (quivered)
 D - 4 boomerangs of dispersal
Armour
 b - a +1 hat (worn)
 c - a +0 buckler (worn)
 e - a +2 pair of gloves (worn)
 i - a +2 cloak (worn)
 j - +0 acid dragon scales
 u - a +2 plate armour of cold resistance (worn)
 E - the +3 pair of mountain boots (worn) {steadfast, rC+}
   (You acquired it on level 15 of the Dungeon)

   It prevents involuntary movement, except for blinking, teleportation, or
   banishment.
   rC:        It protects you from cold.
Jewellery
 n - a +4 ring of evasion (right hand)
 q - a ring of ice
 x - a ring of ice
 y - an amulet of regeneration (around neck)
 A - the ring of Kefanugapn (left hand) {Wiz rElec rN+}
   (You found it on level 3 of the Dungeon)

   [ring of wizardry]

   It improves your spell success rate.
   rElec:     It insulates you from electricity.
   rN:        It protects you from negative energy.
Scrolls
 o - 5 scrolls of identify
 s - a scroll of enchant weapon
 w - 8 scrolls of teleportation
Potions
 a - 11 potions of curing
 d - 2 potions of might
 f - 3 potions of resistance
 k - 7 potions of haste
 l - 3 potions of cancellation
 m - 7 potions of attraction
 p - 2 potions of magic
 r - 2 potions of lignification
 v - 6 potions of mutation
 C - a potion of heal wounds

Dungeon Overview and Level Annotations

Branches:
Dungeon (15/15)            Temple (1/1) D:6            Lair (5/5) D:11
 Shoals (0/4) Lair:3        Snake (0/4) Lair:3        Slime (0/5) Lair:5
    Orc (2/2) D:10            Elf (0/3) Orc:2        Vaults (0/5) D:14
 Depths (0/4) D:15

Altars:
Ashenzari
Cheibriados
Dithmenos
Elyvilon
Fedhas
Gozag
Hepliaklqana
Kikubaaqudgha
Makhleb
Nemelex Xobeh
Okawaru
Qazlal
Ru
Sif Muna
Trog
Uskayaw
Vehumet
Wu Jian
Xom
Yredelemnul
Zin
The Shining One

Shops:
D:3 [[*(   D:8 [   D:10 (   D:15 *   Orc:1 [!!

Annotations:
Orc:2 Urug


Message History

You hit the orc warlord.
The orc warlord is heavily wounded.
You completely miss the orc warlord.
The orc warlord is heavily wounded.
You slice the orc warlord!!
The orc warlord looks as sick as possible!
The orc warlord is severely wounded.
You hit the orc wizard.
The orc wizard is poisoned.
You barely miss the orc warlord.
The orc warlord is severely wounded.
You closely miss the orc wizard.
You hit the orc warlord but do no damage.
The orc warlord looks as sick as possible!
The orc warlord is severely wounded.
You slash the orc wizard!
The orc wizard looks as sick as possible!
You kill the orc wizard!
Okawaru accepts your kill.
The orc sorcerer no longer looks unusually strong.
The orc high priest mumbles some strange prayers to Beogh against you.
Beogh smites you! The orc sorcerer casts a spell at you.
You suddenly lose the ability to move!
The orc warlord hits you but does no damage.
Urug hits you with a +1 long sword of draining!
The orc sorcerer points at you and mumbles some strange words.
The bolt of fire hits you but does no damage.
You resist.
The orc high priest no longer looks unusually strong.
The orc warlord hits you but does no damage.
An orc warrior comes into view. It is wielding a +0 halberd.
Urug hits you with a +1 long sword of draining!
The orc warlord roars a battlecry!
The orcs go into a battle-frenzy!
Urug hits you but does no damage.
The orc sorcerer casts a spell.
The orc warlord hits you with a +0 long sword.
The orc priest hits you but does no damage.
Urug hits you with a +1 long sword of draining!!
You die...

##.##......... .. ##
##........ ... ##.#.....
.... ####..... ...3#
##.##..... ......
##...##....
.....o########.#..##....
.......o8..##...........
.o....o@....##.##.......
._....oo.))..####.......
.........))).##.........
........8))...#.........
......#####)...........#
...... ##...).......#
....#. ###..........
....## ####.......
##.)[...


You could see an orc warlord (extremely poisoned), Urug (strong), an orc high
priest (strong), a neqoxec (summoned), an orc sorcerer (strong), an orc warrior
(strong) and an orc priest (strong).

Vanquished Creatures
  A sphinx (D:11)
  Kirke (D:13)
  2 orc warlords (Orc:2)
  An ettin (D:11)
  Josephine (D:10)
  A great orb of eyes (D:15)
  3 vault guards (D:14)
  5 hydras
  A rakshasa (D:15)
  5 centaur warriors
  5 catoblepae
  A boulder beetle (D:11)
  A deep troll shaman (Lair:5)
  5 tengu warriors
  3 two-headed ogres
  3 death yaks (Lair:5)
  Amaemon (D:8)
  A fire crab (D:11)
  A deep troll (D:11)
  2 wizards (D:14)
  5 deep elf pyromancers
  A lindwurm (Lair:5)
  2 necromancers (D:14)
  11 ugly things
  6 orc knights
  4 orc sorcerers
  A manticore (D:13)
  5 cyclopes
  3 black mambas
  3 elephants (Lair:5)
  Maurice (D:10)
  A black mamba (shapeshifter) (D:15)
  2 gargoyles
  An orange demon (D:8)
  12 cane toads
  An unseen horror (D:10)
  A rime drake (Lair:2)
  A yaktaur (D:11)
  7 komodo dragons
  A kobold demonologist (D:9)
  3 efreet (D:14)
  4 polar bears
  A queen bee (shapeshifter) (D:9)
  5 trolls
  4 hornets
  27 blink frogs
  12 dream sheep (Lair:4)
  5 slime creatures
  A culicivora (shapeshifter) (D:11)
  6 wraiths (D:10)
  4 wyverns
  2 water elementals (D:15)
  A shadow (D:12)
  7 basilisks
  59 yaks
  17 humans (D:14)
  5 hogs (D:13)
  2 steam dragons
  10 vampire mosquitoes
  9 wargs
  7 water moccasins
  3 acid dragons
  4 ice beasts
  An ice beast (shapeshifter) (D:9)
  27 orc warriors
  2 black bears
  14 wolves
  7 ogres
  14 centaurs
  4 kobold brigands
  13 bullfrogs
  2 gnoll sergeants
  2 scorpions (D:4)
  2 necrophages
  8 wights
  3 killer bees (D:9)
  4 electric eels (Lair:2)
  4 howler monkeys
  4 jellies
  15 orc priests
  3 hounds
  4 iguanas
  20 orc wizards
  Natasha (thrice) (D:2)
  12 gnolls
  4 adders
  A shadow imp (D:8)
  A white imp (D:6)
  2 ufetubi
  A worm (D:2)
  75 orcs
  7 ball pythons
  6 bats
  12 endoplasms
  A giant cockroach (D:3)
  5 goblins
  7 hobgoblins
  27 kobolds
  3 quokkas
  3 frilled lizards
  7 rats
641 creatures vanquished.

Vanquished Creatures (others)
  A bush (Lair:4)
  28 fungi
  77 plants
  11 toadstools (D:13)
117 creatures vanquished.

Grand Total: 758 creatures vanquished

Notes
Turn   | Place    | Note
-------+----------+-------------------------------------------
     0 | D:1      | qw the Gargoyle Fighter began the quest for the Orb.
     0 | D:1      | Reached XP level 1. HP: 14/14 MP: 1/1
     0 | D:1      | 0 ||| qw: Version: 0.2-a-12-gaebbb33
     0 | D:1      | 0 ||| qw: Game counter: 1064
     0 | D:1      | 0 ||| qw: Always use a shield: true
     0 | D:1      | 0 ||| qw: God list: Okawaru
     0 | D:1      | 0 ||| qw: Allow faded altars: false
     0 | D:1      | 0 ||| qw: Do Orc after D:15 true
     0 | D:1      | 0 ||| qw: Do second Lair branch before Depths: true
     0 | D:1      | 0 ||| qw: Lair rune preference: random
     0 | D:1      | 0 ||| qw: Plans: Normal, Zot:1-4, God:TSO, Crypt, Tomb,
                  | Pan, Slime:5, Hells, Abyss, Orb
     0 | D:1      | 0 ||| PLANNING D:1-11
    31 | D:1      | Reached skill level 2 in Axes
    55 | D:1      | 55 ||| Stepping ~*~*~tactically~*~*~ (stealth).
   174 | D:1      | Reached XP level 2. HP: 16/19 MP: 2/2
   532 | D:1      | 532 ||| DROPPING +0 club.
   547 | D:1      | Found a faded altar of an unknown god.
   611 | D:1      | 611 ||| READING scroll labelled COLUFFECZI.
   612 | D:1      | 612 ||| READING scroll labelled HANWEM XANEPPU.
   613 | D:1      | 613 ||| READING scroll labelled PUNLAT VECW.
   614 | D:1      | 614 ||| DRINKING 2 cyan potions.
   675 | D:2      | Reached skill level 3 in Axes
   717 | D:2      | 717 ||| Stepping ~*~*~tactically~*~*~ (hiding).
   718 | D:2      | 718 ||| Stepping ~*~*~tactically~*~*~ (hiding).
   729 | D:2      | HP: 4/19 [orc priest/+0 whip (1)]
   731 | D:2      | Reached XP level 3. HP: 4/23 MP: 3/3
   755 | D:2      | 755 ||| FLEEEEING.
   756 | D:2      | 756 ||| FLEEEEING.
   757 | D:2      | 757 ||| FLEEEEING.
   758 | D:2      | 758 ||| FLEEEEING.
   759 | D:2      | 759 ||| FLEEEEING.
   760 | D:2      | 760 ||| STAIRDANCE
   991 | D:2      | 991 ||| STAIRDANCE
   996 | D:2      | 996 ||| Stepping ~*~*~tactically~*~*~ (hiding).
   997 | D:2      | 997 ||| Stepping ~*~*~tactically~*~*~ (hiding).
   999 | D:2      | 999 ||| Stepping ~*~*~tactically~*~*~ (hiding).
  1005 | D:2      | Reached skill level 4 in Axes
  1005 | D:2      | Reached XP level 4. HP: 27/28 MP: 4/4
  1034 | D:2      | 1034 ||| Stepping ~*~*~tactically~*~*~ (stealth).
  1035 | D:2      | 1035 ||| Stepping ~*~*~tactically~*~*~ (stealth).
  1040 | D:2      | 1040 ||| Stepping ~*~*~tactically~*~*~ (stealth).
  1045 | D:2      | 1045 ||| Stepping ~*~*~tactically~*~*~ (stealth).
  1046 | D:2      | 1046 ||| Stepping ~*~*~tactically~*~*~ (stealth).
  1201 | D:2      | Noticed Natasha
  1202 | D:2      | 1202 ||| Stepping ~*~*~tactically~*~*~ (hiding).
  1208 | D:2      | Killed Natasha
  1209 | D:2      | Reached XP level 5. HP: 32/32 MP: 5/5
  1218 | D:2      | Noticed Natasha
  1226 | D:2      | Killed Natasha
  1256 | D:2      | Noticed Natasha
  1266 | D:2      | Killed Natasha
  1267 | D:2      | Reached skill level 5 in Axes
  1374 | D:2      | 1374 ||| Stepping ~*~*~tactically~*~*~ (stealth).
  1376 | D:2      | 1376 ||| Stepping ~*~*~tactically~*~*~ (hiding).
  1404 | D:2      | Found a glowing silver altar of Zin.
  1574 | D:2      | 1574 ||| UPGRADING to +2 pair of gloves.
  1579 | D:2      | 1579 ||| UPGRADING to +0 cloak.
  1584 | D:2      | 1584 ||| READING scroll labelled ELIORA WEUBB.
  1593 | D:3      | 1593 ||| PLANNING SEWER
  1634 | D:3      | Reached XP level 6. HP: 37/39 MP: 6/6
  1683 | D:3      | 1683 ||| DROPPING +0 mace.
  1739 | D:3      | Identified the ring of Kefanugapn {Wiz rElec rN+}
  1830 | D:3      | Found a basalt altar of Yredelemnul.
  1908 | D:3      | Found Zariell's Weapon Shop.
  1913 | D:3      | 1913 ||| SHOPLISTING +2 war axe of electrocution (207 gold,
                  | have 194).
  1933 | D:3      | 1933 ||| Stepping ~*~*~tactically~*~*~ (hiding).
  1991 | D:3      | Found Zeveam's Assorted Antiques.
  1998 | D:3      | 1998 ||| BUYING coppery potion (23 gold).
  1998 | D:3      | Bought a coppery potion for 23 gold pieces
  1998 | D:3      | 1998 ||| BUYING emerald potion (23 gold).
  1998 | D:3      | Bought an emerald potion for 23 gold pieces
  1998 | D:3      | 1998 ||| SHOPLISTING jewelled war axe (221 gold, have 148).
  1998 | D:3      | 1998 ||| BUYING metallic ruby potion (23 gold).
  1998 | D:3      | Bought a metallic ruby potion for 23 gold pieces
  1998 | D:3      | 1998 ||| BUYING morningstar (104 gold).
  1998 | D:3      | Bought a morningstar for 104 gold pieces
  1998 | D:3      | 1998 ||| SHOPLISTING slimy crystal plate armour (2210 gold,
                  | have 21).
  1998 | D:3      | 1998 ||| DROPPING +0 flail.
  2057 | D:3      | Found a snail-covered altar of Cheibriados.
  2057 | D:3      | Found a white marble altar of Elyvilon.
  2057 | D:3      | Found a glowing golden altar of the Shining One.
  2118 | D:3      | Reached skill level 1 in Dodging
  2140 | D:3      | 2140 ||| Stepping ~*~*~tactically~*~*~ (stealth).
  2143 | D:3      | 2143 ||| Stepping ~*~*~tactically~*~*~ (hiding).
  2193 | D:3      | 2193 ||| FLEEEEING.
  2203 | D:3      | 2203 ||| RIP SEWER
  2312 | D:3      | 2312 ||| PLANNING D:1-11
  2348 | D:3      | Found Vaumpour's Armour Boutique.
  2357 | D:3      | 2357 ||| SHOPLISTING +0 pair of boots of stealth (161 gold,
                  | have 21).
  2357 | D:3      | 2357 ||| SHOPLISTING +1 ring mail of cold resistance (224
                  | gold, have 21).
  2357 | D:3      | 2357 ||| SHOPLISTING +2 chain mail of cold resistance (301
                  | gold, have 21).
  2357 | D:3      | 2357 ||| SHOPLISTING +2 ring mail "Ogagil" {rF- Str+6} (372
                  | gold, have 21).
  2440 | D:3      | Found Jyulet's Armour Boutique.
  2444 | D:3      | 2444 ||| SHOPLISTING +0 helmet (54 gold, have 21).
  2444 | D:3      | 2444 ||| SHOPLISTING +0 kite shield (54 gold, have 21).
  2444 | D:3      | 2444 ||| SHOPLISTING +1 pair of gloves of strength (198
                  | gold, have 21).
  2444 | D:3      | 2444 ||| SHOPLISTING +3 ring mail of poison resistance (276
                  | gold, have 21).
  2602 | D:3      | Identified the +1 robe of the Sturgeon {Will++ Str-3 Dex+6}
  2628 | D:3      | 2628 ||| UPGRADING to ring of Kefanugapn {Wiz rElec rN+}.
  2629 | D:3      | 2629 ||| READING 2 scrolls labelled COCIEGOGH.
  2630 | D:3      | 2630 ||| READING 2 scrolls labelled ECAONAETHRI.
  2679 | D:3      | 2679 ||| DRINKING 2 metallic ruby potions.
  2680 | D:3      | 2680 ||| DROPPING scroll of vulnerability.
  2681 | D:3      | 2681 ||| DROPPING scroll of torment.
  2940 | D:4      | Found a sparkling altar of Nemelex Xobeh.
  2941 | D:4      | 2941 ||| Stepping ~*~*~tactically~*~*~ (stealth).
  2988 | D:4      | Found an opulent altar of Gozag.
  3196 | D:4      | Reached skill level 6 in Axes
  3199 | D:4      | Reached XP level 7. HP: 41/44 MP: 7/7
  3459 | D:4      | 3459 ||| UPGRADING to +0 chain mail.
  3469 | D:4      | 3469 ||| DROPPING +0 scale mail.
  3470 | D:4      | 3470 ||| READING 2 scrolls labelled YTZOTR POARRILEL.
  3471 | D:4      | 3471 ||| READING scroll of brand weapon.
  3471 | D:4      | 3471 ||| BRANDING +1 war axe of draining.
  3472 | D:4      | 3472 ||| READING 2 scrolls labelled RUIWEWEIWY.
  3479 | D:5      | Entered Level 5 of the Dungeon
  3617 | D:5      | Reached skill level 7 in Axes
  3778 | D:5      | Found a radiant altar of Vehumet.
  4015 | D:5      | 4015 ||| READING scroll of enchant weapon.
  4015 | D:5      | 4015 ||| ENCHANTING +1 vampiric war axe.
  4160 | D:5      | 4160 ||| Stepping ~*~*~tactically~*~*~ (stealth).
  4163 | D:5      | 4163 ||| Stepping ~*~*~tactically~*~*~ (stealth).
  4264 | D:5      | Reached skill level 1 in Throwing
  4264 | D:5      | Reached XP level 8. HP: 43/49 MP: 8/8
  4457 | D:5      | 4457 ||| READING scroll labelled OLEBUA SAUCSEMER.
  4529 | D:6      | 4529 ||| Stepping ~*~*~tactically~*~*~ (hiding).
  4620 | D:6      | 4620 ||| READING scroll of enchant weapon.
  4620 | D:6      | 4620 ||| ENCHANTING +2 vampiric war axe.
  4676 | D:6      | Reached skill level 8 in Axes
  4830 | D:6      | 4830 ||| Stepping ~*~*~tactically~*~*~ (stealth).
  4832 | D:6      | 4832 ||| Stepping ~*~*~tactically~*~*~ (stealth).
  4833 | D:6      | 4833 ||| Stepping ~*~*~tactically~*~*~ (stealth).
  4861 | D:6      | 4861 ||| Stepping ~*~*~tactically~*~*~ (stealth).
  4867 | D:6      | Reached skill level 6 in Fighting
  5033 | D:6      | 5033 ||| Stepping ~*~*~tactically~*~*~ (stealth).
  5034 | D:6      | 5034 ||| Stepping ~*~*~tactically~*~*~ (stealth).
  5041 | D:6      | 5041 ||| Stepping ~*~*~tactically~*~*~ (stealth).
  5067 | D:6      | Found a staircase to the Ecumenical Temple.
  5068 | D:6      | 5068 ||| PLANNING TEMPLE
  5068 | D:6      | 5068 ||| READING scroll labelled PASUCKUAMA.
  5069 | D:6      | 5069 ||| DRINKING 2 white potions.
  5070 | D:6      | 5070 ||| READING 2 scrolls of identify.
  5070 | D:6      | 5070 ||| IDENTIFYING fizzy coppery potion
  5079 | Temple   | Entered the Ecumenical Temple
  5130 | Temple   | 5130 ||| PLANNING OKAWARU WORSHIP
  5239 | Temple   | Became a worshipper of Warmaster Okawaru
  5240 | Temple   | 5240 ||| PLANNING D:1-11
  5467 | D:6      | Reached XP level 9. HP: 55/55 MP: 9/9
  5480 | D:6      | 5480 ||| Stepping ~*~*~tactically~*~*~ (stealth).
  5494 | D:6      | Reached skill level 9 in Axes
  5690 | D:6      | 5690 ||| DRINKING 3 emerald potions.
  5691 | D:6      | 5691 ||| DROPPING 2 potions of flight.
  5763 | D:7      | 5763 ||| Stepping ~*~*~tactically~*~*~ (stealth).
  5765 | D:7      | 5765 ||| Stepping ~*~*~tactically~*~*~ (hiding).
  5787 | D:7      | 5787 ||| Stepping ~*~*~tactically~*~*~ (hiding).
  5790 | D:7      | 5790 ||| Stepping ~*~*~tactically~*~*~ (hiding).
  5866 | D:7      | 5866 ||| FLEEEEING.
  5867 | D:7      | 5867 ||| FLEEEEING.
  6131 | D:7      | Found an ancient bone altar of Kikubaaqudgha.
  6151 | D:7      | 6151 ||| Stepping ~*~*~tactically~*~*~ (stealth).
  6171 | D:7      | 6171 ||| Stepping ~*~*~tactically~*~*~ (hiding).
  6174 | D:7      | 6174 ||| Stepping ~*~*~tactically~*~*~ (hiding).
  6177 | D:7      | 6177 ||| FLEEEEING.
  6179 | D:7      | 6179 ||| FLEEEEING.
  6180 | D:7      | 6180 ||| FLEEEEING.
  6181 | D:7      | 6181 ||| FLEEEEING.
  6182 | D:7      | 6182 ||| FLEEEEING.
  6185 | D:7      | Reached * piety under Okawaru
  6194 | D:7      | 6194 ||| FLEEEEING.
  6463 | D:7      | 6463 ||| Stepping ~*~*~tactically~*~*~ (stealth).
  6464 | D:7      | 6464 ||| INVOKING Heroism.
  6469 | D:7      | Reached skill level 1 in Invocations
  6729 | D:7      | 6729 ||| DROPPING +3 ring mail.
  6730 | D:7      | 6730 ||| READING scroll labelled EMOVIATASI.
  6831 | D:7      | 6831 ||| DRINKING 2 orange potions.
  6832 | D:7      | 6832 ||| READING 2 scrolls of identify.
  6832 | D:7      | 6832 ||| IDENTIFYING viscous inky potion
  6833 | D:7      | 6833 ||| DROPPING potion of degeneration.
  6834 | D:7      | 6834 ||| DROPPING potion of brilliance.
  6920 | D:8      | 6920 ||| INVOKING Heroism.
  6922 | D:8      | 6922 ||| Stepping ~*~*~tactically~*~*~ (cloud).
  7127 | D:8      | Noticed a hornet
  7141 | D:8      | 7141 ||| INVOKING Heroism.
  7144 | D:8      | Killed a hornet
  7145 | D:8      | Reached skill level 3 in Invocations
  7275 | D:8      | 7275 ||| Stepping ~*~*~tactically~*~*~ (stealth).
  7276 | D:8      | 7276 ||| Stepping ~*~*~tactically~*~*~ (stealth).
  7288 | D:8      | Reached ** piety under Okawaru
  7292 | D:8      | 7292 ||| INVOKING Heroism.
  7299 | D:8      | Reached skill level 10 in Axes
  7299 | D:8      | Reached XP level 10. HP: 62/63 MP: 10/13
  7509 | D:8      | 7509 ||| Stepping ~*~*~tactically~*~*~ (hiding).
  7510 | D:8      | 7510 ||| Stepping ~*~*~tactically~*~*~ (hiding).
  7527 | D:8      | Noticed Amaemon
  7527 | D:8      | Noticed an orange demon
  7528 | D:8      | 7528 ||| INVOKING Heroism.
  7538 | D:8      | Killed Amaemon
  7548 | D:8      | Killed an orange demon
  7548 | D:8      | Reached *** piety under Okawaru
  7619 | D:8      | 7619 ||| DROPPING +0 morningstar.
  7634 | D:8      | 7634 ||| FLEEEEING.
  7635 | D:8      | 7635 ||| FLEEEEING.
  7636 | D:8      | 7636 ||| FLEEEEING.
  7637 | D:8      | 7637 ||| FLEEEEING.
  7638 | D:8      | 7638 ||| FLEEEEING.
  7639 | D:8      | 7639 ||| FLEEEEING.
  7640 | D:8      | 7640 ||| FLEEEEING.
  7641 | D:8      | 7641 ||| FLEEEEING.
  7642 | D:8      | 7642 ||| FLEEEEING.
  7643 | D:8      | 7643 ||| FLEEEEING.
  7644 | D:8      | 7644 ||| FLEEEEING.
  7646 | D:8      | 7646 ||| FLEEEEING.
  7648 | D:8      | 7648 ||| FLEEEEING.
  7649 | D:8      | 7649 ||| FLEEEEING.
  7650 | D:8      | 7650 ||| FLEEEEING.
  7651 | D:8      | 7651 ||| FLEEEEING.
  7652 | D:8      | 7652 ||| FLEEEEING.
  7720 | D:8      | Noticed a two-headed ogre
  7721 | D:8      | 7721 ||| INVOKING Heroism.
  7731 | D:8      | Killed a two-headed ogre
  7873 | D:8      | 7873 ||| INVOKING Heroism.
  7990 | D:8      | Found Lyh App's Armour Emporium.
  7999 | D:8      | 7999 ||| SHOPLISTING +2 chain mail of fire resistance (279
                  | gold, have 268).
  8001 | D:8      | 8001 ||| INVOKING Heroism.
  8168 | D:8      | 8168 ||| DROPPING +2 pair of gloves.
  8169 | D:8      | 8169 ||| READING scroll labelled JIOQON WICU.
  8170 | D:8      | 8170 ||| DRINKING 2 viscous coppery potions.
  8171 | D:8      | 8171 ||| READING 3 scrolls of identify.
  8171 | D:8      | 8171 ||| IDENTIFYING metallic orange potion
  8172 | D:8      | 8172 ||| READING 2 scrolls of identify.
  8172 | D:8      | 8172 ||| IDENTIFYING viscous yellow potion
  8209 | D:8      | 8209 ||| INVOKING Heroism.
  8248 | D:9      | 8248 ||| Stepping ~*~*~tactically~*~*~ (hiding).
  8253 | D:9      | 8253 ||| INVOKING Heroism.
  8260 | D:9      | Reached **** piety under Okawaru
  8286 | D:9      | 8286 ||| INVOKING Heroism.
  8288 | D:9      | 8288 ||| DRINKING 3 potions of curing.
  8288 | D:9      | 8288 ||| (to cure confusion)
  8291 | D:9      | Reached XP level 11. HP: 67/69 MP: 11/14
  8306 | D:9      | Reached skill level 11 in Axes
  8306 | D:9      | 8306 ||| INVOKING Heroism.
  8363 | D:9      | 8363 ||| Stepping ~*~*~tactically~*~*~ (hiding).
  8364 | D:9      | 8364 ||| INVOKING Heroism.
  8374 | D:9      | Reached skill level 6 in Invocations
  8581 | D:9      | 8581 ||| Stepping ~*~*~tactically~*~*~ (stealth).
  8634 | D:9      | Reached skill level 9 in Fighting
  8658 | D:9      | 8658 ||| Stepping ~*~*~tactically~*~*~ (stealth).
  8660 | D:9      | 8660 ||| Stepping ~*~*~tactically~*~*~ (hiding).
  8661 | D:9      | 8661 ||| Stepping ~*~*~tactically~*~*~ (hiding).
  8672 | D:9      | Reached ***** piety under Okawaru
  8684 | D:9      | 8684 ||| INVOKING Heroism.
  8695 | D:9      | 8695 ||| READING 5 scrolls of teleportation.
  8696 | D:9      | Noticed a soul eater
  8696 | D:9      | HP: 10/71 [chaos spawn[a kobold demonologist] (11)]
  8697 | D:9      | 8697 ||| DRINKING potion of heal wounds.
  8952 | D:9      | 8952 ||| Stepping ~*~*~tactically~*~*~ (stealth).
  9012 | D:9      | 9012 ||| INVOKING Heroism.
  9013 | D:9      | 9013 ||| INVOKING Finesse.
  9020 | D:9      | 9020 ||| DRINKING potion of cancellation.
  9161 | D:9      | Found a hide-covered altar of Uskayaw.
  9251 | D:9      | 9251 ||| Stepping ~*~*~tactically~*~*~ (stealth).
  9253 | D:9      | 9253 ||| Stepping ~*~*~tactically~*~*~ (hiding).
  9470 | D:9      | 9470 ||| UPGRADING to +0 plate armour.
  9480 | D:9      | 9480 ||| DROPPING +0 chain mail.
  9481 | D:9      | 9481 ||| UPGRADING to +4 ring of evasion.
  9482 | D:9      | 9482 ||| READING scroll labelled QAQUCI LAUSO.
  9483 | D:9      | 9483 ||| DRINKING 2 smoky dark potions.
  9588 | D:9      | 9588 ||| DRINKING 2 pink potions.
  9588 | D:9      | Gained mutation: Your spells are a little easier to cast,
                  | but a little less powerful. [potion of mutation]
  9588 | D:9      | Gained mutation: Your magical capacity is low. (-10% MP)
                  | [potion of mutation]
  9588 | D:9      | Lost mutation: Your spells are a little easier to cast, but
                  | a little less powerful. [potion of mutation]
  9589 | D:9      | 9589 ||| DROPPING potion of berserk rage.
  9637 | D:10     | Entered Level 10 of the Dungeon
  9651 | D:10     | Found Ucahif's Weapon Boutique.
  9655 | D:10     | Found a staircase to the Orcish Mines.
  9669 | D:10     | 9669 ||| BUYING +4 war axe of freezing (339 gold).
  9669 | D:10     | Bought a +4 war axe of freezing for 339 gold pieces
  9780 | D:10     | 9780 ||| INVOKING Heroism.
  9785 | D:10     | 9785 ||| Stepping ~*~*~tactically~*~*~ (hiding).
  9800 | D:10     | Noticed Maurice
  9805 | D:10     | Noticed Josephine
  9811 | D:10     | Killed Josephine
  9813 | D:10     | Identified the +6 broad axe of World's End {venom, rPois
                  | rF+++ MP-9 Int+4} (Okawaru gifted it to you on level 10 of
                  | the Dungeon)
  9813 | D:10     | Received a gift from Okawaru
  9835 | D:10     | Killed Maurice
  9941 | D:10     | 9941 ||| SWAPPING to +6 broad axe of World's End {venom,
                  | rPois rF+++ MP-9 Int+4}.
  9942 | D:10     | 9942 ||| DROPPING +4 war axe of freezing.
 10016 | D:10     | 10016 ||| READING scroll of enchant armour.
 10016 | D:10     | 10016 ||| ENCHANTING +0 cloak.
 10194 | D:10     | Noticed a two-headed ogre
 10195 | D:10     | 10195 ||| INVOKING Heroism.
 10196 | D:10     | 10196 ||| Stepping ~*~*~tactically~*~*~ (stealth).
 10202 | D:10     | Killed a two-headed ogre
 10220 | D:10     | Reached skill level 3 in Throwing
 10226 | D:10     | 10226 ||| INVOKING Heroism.
 10565 | D:10     | 10565 ||| READING scroll labelled SODGHA RARPHOMU.
 10566 | D:10     | 10566 ||| READING 3 scrolls of identify.
 10566 | D:10     | 10566 ||| IDENTIFYING bubbling purple potion
 10567 | D:10     | 10567 ||| READING 2 scrolls of identify.
 10567 | D:10     | 10567 ||| IDENTIFYING coppery potion
 10568 | D:10     | 10568 ||| DROPPING potion of ambrosia.
 10611 | D:11     | 10611 ||| Stepping ~*~*~tactically~*~*~ (hiding).
 10715 | D:11     | 10715 ||| INVOKING Heroism.
 10723 | D:11     | Reached skill level 9 in Invocations
 10763 | D:11     | Reached XP level 12. HP: 58/76 MP: 7/16
 10855 | D:11     | 10855 ||| Stepping ~*~*~tactically~*~*~ (stealth).
 10865 | D:11     | Found a staircase to the Lair.
 11040 | D:11     | Noticed a boulder beetle
 11041 | D:11     | 11041 ||| INVOKING Heroism.
 11042 | D:11     | 11042 ||| INVOKING Finesse.
 11059 | D:11     | Killed a boulder beetle
 11161 | D:11     | 11161 ||| Stepping ~*~*~tactically~*~*~ (stealth).
 11162 | D:11     | 11162 ||| INVOKING Heroism.
 11284 | D:11     | 11284 ||| INVOKING Heroism.
 11284 | D:11     | Noticed a two-headed ogre
 11294 | D:11     | Killed a two-headed ogre
 11297 | D:11     | Reached skill level 12 in Axes
 11570 | D:11     | 11570 ||| INVOKING Heroism.
 11795 | D:11     | 11795 ||| INVOKING Heroism.
 11798 | D:11     | Reached skill level 6 in Shields
 11808 | D:11     | Received a gift from Okawaru
 11920 | D:11     | Noticed a centaur warrior
 11924 | D:11     | Killed a centaur warrior
 11925 | D:11     | Reached skill level 9 in Armour
 11928 | D:11     | Received a gift from Okawaru
 11946 | D:11     | Noticed an ettin
 11947 | D:11     | 11947 ||| INVOKING Heroism.
 11948 | D:11     | 11948 ||| INVOKING Finesse.
 11957 | D:11     | Killed an ettin
 12121 | D:11     | Noticed a sphinx
 12122 | D:11     | 12122 ||| Stepping randomly (cloudy).
 12123 | D:11     | 12123 ||| Stepping randomly (cloudy).
 12129 | D:11     | 12129 ||| INVOKING Heroism.
 12133 | D:11     | Killed a sphinx
 12349 | D:11     | Identified the +5 hand axe of Ru's Regard {freeze, rElec
                  | Str+5}
 12703 | D:11     | 12703 ||| PLANNING LAIR
 12703 | D:11     | 12703 ||| UPGRADING to +0 pair of boots of flying.
 12763 | Lair:1   | Entered Level 1 of the Lair of Beasts
 12786 | Lair:1   | 12786 ||| Stepping ~*~*~tactically~*~*~ (stealth).
 12898 | Lair:1   | 12898 ||| INVOKING Heroism.
 12960 | Lair:1   | 12960 ||| INVOKING Heroism.
 13108 | Lair:1   | 13108 ||| Stepping ~*~*~tactically~*~*~ (stealth).
 13111 | Lair:1   | 13111 ||| INVOKING Heroism.
 13112 | Lair:1   | 13112 ||| Stepping ~*~*~tactically~*~*~ (stealth).
 13113 | Lair:1   | 13113 ||| Stepping ~*~*~tactically~*~*~ (stealth).
 13114 | Lair:1   | 13114 ||| Stepping ~*~*~tactically~*~*~ (stealth).
 13119 | Lair:1   | Reached skill level 13 in Axes
 13224 | Lair:1   | 13224 ||| Stepping ~*~*~tactically~*~*~ (stealth).
 13231 | Lair:1   | Reached XP level 13. HP: 74/82 MP: 9/18
 13286 | Lair:1   | 13286 ||| INVOKING Heroism.
 13323 | Lair:1   | 13323 ||| Stepping ~*~*~tactically~*~*~ (stealth).
 13335 | Lair:1   | 13335 ||| INVOKING Heroism.
 13380 | Lair:1   | 13380 ||| INVOKING Finesse.
 13385 | Lair:1   | 13385 ||| INVOKING Heroism.
 13386 | Lair:1   | 13386 ||| INVOKING Finesse.
 13569 | Lair:1   | 13569 ||| INVOKING Heroism.
 13899 | Lair:1   | 13899 ||| UPGRADING to amulet of regeneration.
 13904 | Lair:1   | 13904 ||| DROPPING amulet of guardian spirit.
 13984 | Lair:2   | 13984 ||| INVOKING Heroism.
 14253 | Lair:2   | 14253 ||| Stepping ~*~*~tactically~*~*~ (stealth).
 14275 | Lair:2   | 14275 ||| Stepping ~*~*~tactically~*~*~ (stealth).
 14276 | Lair:2   | 14276 ||| Stepping ~*~*~tactically~*~*~ (stealth).
 14277 | Lair:2   | 14277 ||| Stepping ~*~*~tactically~*~*~ (stealth).
 14301 | Lair:2   | 14301 ||| INVOKING Heroism.
 14306 | Lair:2   | 14306 ||| Stepping ~*~*~tactically~*~*~ (stealth).
 14325 | Lair:2   | Received a gift from Okawaru
 14327 | Lair:2   | 14327 ||| DROPPING +0 demon whip of venom.
 14489 | Lair:2   | 14489 ||| Stepping ~*~*~tactically~*~*~ (stealth).
 14557 | Lair:2   | 14557 ||| Stepping ~*~*~tactically~*~*~ (hiding).
 14642 | Lair:2   | 14642 ||| INVOKING Heroism.
 14647 | Lair:2   | Reached skill level 14 in Axes
 14668 | Lair:2   | 14668 ||| Stepping ~*~*~tactically~*~*~ (stealth).
 14864 | Lair:2   | 14864 ||| INVOKING Heroism.
 14929 | Lair:2   | 14929 ||| INVOKING Heroism.
 15018 | Lair:2   | 15018 ||| DROPPING amulet of magic regeneration.
 15019 | Lair:2   | 15019 ||| DROPPING ring of positive energy.
 15020 | Lair:2   | 15020 ||| READING scroll labelled JISHIUHIRO.
 15053 | Lair:3   | 15053 ||| STAIRDANCE
 15055 | Lair:2   | 15055 ||| INVOKING Heroism.
 15092 | Lair:3   | 15092 ||| STAIRDANCE
 15134 | Lair:3   | 15134 ||| INVOKING Heroism.
 15135 | Lair:3   | 15135 ||| STAIRDANCE
 15156 | Lair:3   | Found a staircase to the Shoals.
 15216 | Lair:3   | 15216 ||| INVOKING Heroism.
 15308 | Lair:3   | 15308 ||| Stepping ~*~*~tactically~*~*~ (stealth).
 15310 | Lair:3   | 15310 ||| INVOKING Heroism.
 15438 | Lair:3   | Found a staircase to the Snake Pit.
 15545 | Lair:3   | 15545 ||| Stepping ~*~*~tactically~*~*~ (stealth).
 15552 | Lair:3   | 15552 ||| Stepping ~*~*~tactically~*~*~ (stealth).
 15554 | Lair:3   | 15554 ||| Stepping ~*~*~tactically~*~*~ (stealth).
 15555 | Lair:3   | 15555 ||| Stepping ~*~*~tactically~*~*~ (stealth).
 15556 | Lair:3   | 15556 ||| Stepping ~*~*~tactically~*~*~ (stealth).
 15561 | Lair:3   | 15561 ||| INVOKING Heroism.
 16031 | Lair:3   | 16031 ||| UPGRADING to ring of ice.
 16033 | Lair:3   | 16033 ||| READING 2 scrolls labelled SUIZOXU JACSU.
 16034 | Lair:3   | 16034 ||| READING 2 scrolls of identify.
 16034 | Lair:3   | 16034 ||| IDENTIFYING red potion
 16035 | Lair:3   | 16035 ||| DROPPING potion of invisibility.
 16036 | Lair:3   | 16036 ||| DROPPING scroll of blinking.
 16074 | Lair:4   | 16074 ||| INVOKING Heroism.
 16075 | Lair:4   | 16075 ||| INVOKING Finesse.
 16076 | Lair:4   | 16076 ||| SWAPPING to +2 broad axe of flaming.
 16077 | Lair:4   | 16077 ||| REMOVING ring of ice.
 16086 | Lair:4   | 16086 ||| SWAPPING to +6 broad axe of World's End {venom,
                  | rPois rF+++ MP-9 Int+4}.
 16151 | Lair:4   | 16151 ||| INVOKING Heroism.
 16229 | Lair:4   | 16229 ||| INVOKING Heroism.
 16232 | Lair:4   | 16232 ||| Stepping ~*~*~tactically~*~*~ (stealth).
 16234 | Lair:4   | 16234 ||| Stepping ~*~*~tactically~*~*~ (stealth).
 16248 | Lair:4   | Received a gift from Okawaru
 16277 | Lair:4   | 16277 ||| INVOKING Heroism.
 16302 | Lair:4   | Gained mutation: Your large and strong wings let you fly.
                  | [Gargoyle growth]
 16302 | Lair:4   | Reached XP level 14. HP: 84/90 MP: 10/19
 16344 | Lair:4   | Identified the +2 leather armour "Qouseit" {rPois rN+}
 16471 | Lair:4   | 16471 ||| INVOKING Heroism.
 16472 | Lair:4   | 16472 ||| INVOKING Finesse.
 16474 | Lair:4   | 16474 ||| SWAPPING to +2 broad axe of flaming.
 16475 | Lair:4   | 16475 ||| Stepping ~*~*~tactically~*~*~ (stealth).
 16483 | Lair:4   | Reached skill level 15 in Axes
 16483 | Lair:4   | 16483 ||| SWAPPING to +6 broad axe of World's End {venom,
                  | rPois rF+++ MP-9 Int+4}.
 16549 | Lair:4   | 16549 ||| Stepping ~*~*~tactically~*~*~ (stealth).
 16550 | Lair:4   | 16550 ||| Stepping ~*~*~tactically~*~*~ (stealth).
 16915 | Lair:4   | 16915 ||| DROPPING +0 cloak of preservation.
 16916 | Lair:4   | 16916 ||| UPGRADING to +2 pair of boots.
 16926 | Lair:4   | 16926 ||| DROPPING +0 pair of boots of flying.
 16927 | Lair:4   | 16927 ||| UPGRADING to ring of ice.
 16932 | Lair:5   | Entered Level 5 of the Lair of Beasts
 16933 | Lair:5   | 16933 ||| INVOKING Heroism.
 16934 | Lair:5   | 16934 ||| STAIRDANCE
 16952 | Lair:5   | 16952 ||| STAIRDANCE
 16954 | Lair:4   | 16954 ||| INVOKING Heroism.
 16974 | Lair:5   | 16974 ||| STAIRDANCE
 16976 | Lair:4   | 16976 ||| SWAPPING to +2 broad axe of flaming.
 16977 | Lair:4   | 16977 ||| REMOVING ring of ice.
 16983 | Lair:4   | 16983 ||| SWAPPING to +6 broad axe of World's End {venom,
                  | rPois rF+++ MP-9 Int+4}.
 17010 | Lair:4   | 17010 ||| UPGRADING to ring of ice.
 17025 | Lair:5   | 17025 ||| Stepping ~*~*~tactically~*~*~ (stealth).
 17026 | Lair:5   | 17026 ||| Stepping ~*~*~tactically~*~*~ (stealth).
 17028 | Lair:5   | 17028 ||| INVOKING Heroism.
 17121 | Lair:5   | 17121 ||| INVOKING Heroism.
 17132 | Lair:5   | Reached skill level 12 in Fighting
 17490 | Lair:5   | Found a staircase to the Slime Pits.
 17500 | Lair:5   | 17500 ||| INVOKING Heroism.
 17501 | Lair:5   | 17501 ||| INVOKING Finesse.
 17504 | Lair:5   | 17504 ||| SWAPPING to +2 broad axe of flaming.
 17505 | Lair:5   | 17505 ||| REMOVING ring of ice.
 17512 | Lair:5   | 17512 ||| SWAPPING to +6 broad axe of World's End {venom,
                  | rPois rF+++ MP-9 Int+4}.
 17811 | Lair:5   | 17811 ||| Stepping ~*~*~tactically~*~*~ (hiding).
 17813 | Lair:5   | 17813 ||| INVOKING Heroism.
 17814 | Lair:5   | 17814 ||| INVOKING Finesse.
 17896 | Lair:5   | 17896 ||| Stepping ~*~*~tactically~*~*~ (stealth).
 17912 | Lair:5   | 17912 ||| Stepping ~*~*~tactically~*~*~ (stealth).
 17971 | Lair:5   | 17971 ||| Stepping ~*~*~tactically~*~*~ (stealth).
 17973 | Lair:5   | 17973 ||| INVOKING Heroism.
 17974 | Lair:5   | 17974 ||| SWAPPING to +2 broad axe of flaming.
 17979 | Lair:5   | 17979 ||| SWAPPING to +6 broad axe of World's End {venom,
                  | rPois rF+++ MP-9 Int+4}.
 18003 | Lair:5   | Identified the +2 spear "Worm's Wrath" {vamp, rF- rC+ SInv
                  | Stlth+}
 18007 | Lair:5   | 18007 ||| READING scroll of enchant armour.
 18007 | Lair:5   | 18007 ||| ENCHANTING +1 cloak.
 18077 | Lair:5   | 18077 ||| PLANNING D
 18077 | Lair:5   | 18077 ||| UPGRADING to ring of ice.
 18279 | D:12     | 18279 ||| Stepping ~*~*~tactically~*~*~ (stealth).
 18286 | D:12     | Reached skill level 16 in Axes
 18336 | D:12     | 18336 ||| Stepping ~*~*~tactically~*~*~ (stealth).
 18337 | D:12     | 18337 ||| Stepping ~*~*~tactically~*~*~ (stealth).
 18339 | D:12     | 18339 ||| Stepping ~*~*~tactically~*~*~ (hiding).
 18537 | D:12     | 18537 ||| FLEEEEING.
 18771 | D:13     | 18771 ||| READING scroll of enchant armour.
 18771 | D:13     | 18771 ||| ENCHANTING +0 plate armour.
 18779 | D:13     | Noticed Kirke
 18780 | D:13     | 18780 ||| INVOKING Heroism.
 18781 | D:13     | 18781 ||| INVOKING Finesse.
 18791 | D:13     | Received a gift from Okawaru
 18801 | D:13     | Killed Kirke
 18916 | D:13     | 18916 ||| INVOKING Heroism.
 18930 | D:13     | Reached skill level 12 in Armour
 19062 | D:13     | 19062 ||| Stepping ~*~*~tactically~*~*~ (hiding).
 19068 | D:13     | 19068 ||| INVOKING Heroism.
 19084 | D:13     | Reached skill level 3 in Dodging
 19141 | D:13     | Reached XP level 15. HP: 72/96 MP: 11/20
 19422 | D:13     | Found a blossoming altar of Fedhas.
 19447 | D:13     | 19447 ||| INVOKING Heroism.
 19448 | D:13     | 19448 ||| INVOKING Finesse.
 19530 | D:13     | 19530 ||| UPGRADING to +2 plate armour of cold resistance.
 19540 | D:13     | 19540 ||| DROPPING +1 plate armour.
 19675 | D:14     | 19675 ||| Stepping ~*~*~tactically~*~*~ (stealth).
 19678 | D:14     | 19678 ||| FLEEEEING.
 19679 | D:14     | 19679 ||| FLEEEEING.
 19680 | D:14     | 19680 ||| FLEEEEING.
 19681 | D:14     | 19681 ||| FLEEEEING.
 19682 | D:14     | 19682 ||| FLEEEEING.
 19689 | D:14     | 19689 ||| FLEEEEING.
 19690 | D:14     | 19690 ||| FLEEEEING.
 19691 | D:14     | 19691 ||| FLEEEEING.
 19692 | D:14     | 19692 ||| FLEEEEING.
 19802 | D:14     | 19802 ||| INVOKING Heroism.
 19836 | D:14     | 19836 ||| INVOKING Heroism.
 19838 | D:14     | 19838 ||| Stepping ~*~*~tactically~*~*~ (hiding).
 19891 | D:14     | Reached skill level 17 in Axes
 19892 | D:14     | 19892 ||| Stepping ~*~*~tactically~*~*~ (stealth).
 19910 | D:14     | 19910 ||| Stepping ~*~*~tactically~*~*~ (stealth).
 19911 | D:14     | 19911 ||| Stepping ~*~*~tactically~*~*~ (stealth).
 19912 | D:14     | Found a gate to the Vaults.
 19963 | D:14     | 19963 ||| Stepping ~*~*~tactically~*~*~ (stealth).
 19964 | D:14     | 19964 ||| Stepping ~*~*~tactically~*~*~ (stealth).
 19965 | D:14     | 19965 ||| Stepping ~*~*~tactically~*~*~ (hiding).
 19966 | D:14     | 19966 ||| Stepping ~*~*~tactically~*~*~ (hiding).
 19970 | D:14     | Received a gift from Okawaru
 20196 | D:14     | 20196 ||| UPGRADING to +1 hat.
 20217 | D:15     | Entered Level 15 of the Dungeon
 20218 | D:15     | 20218 ||| INVOKING Heroism.
 20219 | D:15     | 20219 ||| STAIRDANCE
 20239 | D:15     | 20239 ||| STAIRDANCE
 20317 | D:15     | 20317 ||| Stepping ~*~*~tactically~*~*~ (stealth).
 20321 | D:15     | 20321 ||| INVOKING Heroism.
 20336 | D:15     | Received a gift from Okawaru
 20413 | D:15     | 20413 ||| Stepping ~*~*~tactically~*~*~ (hiding).
 20414 | D:15     | 20414 ||| Stepping ~*~*~tactically~*~*~ (hiding).
 20533 | D:15     | Found Ebabriuph's General Store.
 20538 | D:15     | 20538 ||| BUYING scroll of identify (32 gold).
 20538 | D:15     | Bought a scroll of identify for 32 gold pieces
 20795 | D:15     | 20795 ||| Stepping ~*~*~tactically~*~*~ (hiding).
 20796 | D:15     | 20796 ||| Stepping ~*~*~tactically~*~*~ (hiding).
 20803 | D:15     | 20803 ||| Stepping ~*~*~tactically~*~*~ (stealth).
 20807 | D:15     | 20807 ||| INVOKING Heroism.
 20846 | D:15     | 20846 ||| Stepping ~*~*~tactically~*~*~ (stealth).
 20852 | D:15     | Reached ****** piety under Okawaru
 20928 | D:15     | 20928 ||| Stepping ~*~*~tactically~*~*~ (hiding).
 20956 | D:15     | Found a white marble altar of Elyvilon.
 20984 | D:15     | 20984 ||| Stepping ~*~*~tactically~*~*~ (stealth).
 20989 | D:15     | 20989 ||| Stepping ~*~*~tactically~*~*~ (stealth).
 21013 | D:15     | 21013 ||| Stepping ~*~*~tactically~*~*~ (stealth).
 21015 | D:15     | 21015 ||| Stepping ~*~*~tactically~*~*~ (hiding).
 21032 | D:15     | 21032 ||| Stepping ~*~*~tactically~*~*~ (stealth).
 21035 | D:15     | 21035 ||| Stepping ~*~*~tactically~*~*~ (stealth).
 21038 | D:15     | Identified the +3 demon blade of Tender Mercy {vamp, Dex+2}
                  | (Okawaru gifted it to you on level 15 of the Dungeon)
 21038 | D:15     | Received a gift from Okawaru
 21045 | D:15     | 21045 ||| INVOKING Heroism.
 21094 | D:15     | Found a staircase to the Depths.
 21183 | D:15     | 21183 ||| Stepping ~*~*~tactically~*~*~ (hiding).
 21192 | D:15     | 21192 ||| INVOKING Heroism.
 21474 | D:15     | 21474 ||| PLANNING ORC
 21474 | D:15     | 21474 ||| READING scroll labelled FIFIS XUOPH.
 21474 | D:15     | Identified a scroll of acquirement
 21474 | D:15     | 21474 ||| ACQUIRING +3 pair of mountain boots {steadfast,
                  | rC+}
 21474 | D:15     | Acquired the +3 pair of mountain boots {steadfast, rC+}
 21474 | D:15     | Found the +3 pair of mountain boots {steadfast, rC+}
 21476 | D:15     | 21476 ||| UPGRADING to +3 pair of mountain boots
                  | {steadfast, rC+}.
 21486 | D:15     | 21486 ||| REMOVING ring of ice.
 21487 | D:15     | 21487 ||| DROPPING +2 pair of boots.
 21488 | D:15     | 21488 ||| UPGRADING to ring of Kefanugapn {Wiz rElec rN+}.
 21592 | Orc:1    | Entered Level 1 of the Orcish Mines
 21596 | Orc:1    | 21596 ||| INVOKING Heroism.
 21667 | Orc:1    | Found Vaytt's Distillery.
 21668 | Orc:1    | 21668 ||| INVOKING Heroism.
 21689 | Orc:1    | 21689 ||| BUYING potion of attraction (48 gold).
 21689 | Orc:1    | Bought a potion of attraction for 48 gold pieces
 21689 | Orc:1    | 21689 ||| BUYING potion of cancellation (128 gold).
 21689 | Orc:1    | Bought a potion of cancellation for 128 gold pieces
 21689 | Orc:1    | 21689 ||| BUYING potion of curing (48 gold).
 21689 | Orc:1    | Bought a potion of curing for 48 gold pieces
 21689 | Orc:1    | 21689 ||| BUYING potion of curing (48 gold).
 21689 | Orc:1    | Bought a potion of curing for 48 gold pieces
 21689 | Orc:1    | 21689 ||| BUYING potion of curing (48 gold).
 21689 | Orc:1    | Bought a potion of curing for 48 gold pieces
 21689 | Orc:1    | 21689 ||| BUYING potion of haste (160 gold).
 21689 | Orc:1    | Bought a potion of haste for 160 gold pieces
 21689 | Orc:1    | 21689 ||| BUYING potion of lignification (48 gold).
 21689 | Orc:1    | Bought a potion of lignification for 48 gold pieces
 21706 | Orc:1    | Found Atuqurr's Distillery.
 21710 | Orc:1    | 21710 ||| BUYING potion of curing (42 gold).
 21710 | Orc:1    | Bought a potion of curing for 42 gold pieces
 21710 | Orc:1    | 21710 ||| BUYING potion of curing (42 gold).
 21710 | Orc:1    | Bought a potion of curing for 42 gold pieces
 21710 | Orc:1    | 21710 ||| BUYING potion of haste (140 gold).
 21710 | Orc:1    | Bought a potion of haste for 140 gold pieces
 21710 | Orc:1    | 21710 ||| BUYING potion of might (56 gold).
 21710 | Orc:1    | Bought a potion of might for 56 gold pieces
 21710 | Orc:1    | 21710 ||| BUYING potion of mutation (112 gold).
 21710 | Orc:1    | Bought a potion of mutation for 112 gold pieces
 21710 | Orc:1    | 21710 ||| BUYING potion of mutation (112 gold).
 21710 | Orc:1    | Bought a potion of mutation for 112 gold pieces
 21710 | Orc:1    | 21710 ||| INVOKING Heroism.
 21744 | Orc:1    | Found Samm's Antique Armour Emporium.
 21937 | Orc:2    | Entered Level 2 of the Orcish Mines
 21945 | Orc:2    | 21945 ||| Stepping ~*~*~tactically~*~*~ (stealth).
 21976 | Orc:2    | Noticed an orc warlord
 21977 | Orc:2    | 21977 ||| INVOKING Heroism.
 21978 | Orc:2    | 21978 ||| INVOKING Finesse.
 21997 | Orc:2    | Killed an orc warlord
 22011 | Orc:2    | 22011 ||| Stepping ~*~*~tactically~*~*~ (hiding).
 22012 | Orc:2    | 22012 ||| Stepping ~*~*~tactically~*~*~ (hiding).
 22013 | Orc:2    | 22013 ||| Stepping ~*~*~tactically~*~*~ (hiding).
 22014 | Orc:2    | 22014 ||| Stepping ~*~*~tactically~*~*~ (hiding).
 22126 | Orc:2    | 22126 ||| INVOKING Heroism.
 22202 | Orc:2    | 22202 ||| INVOKING Heroism.
 22203 | Orc:2    | Noticed an orc warlord
 22204 | Orc:2    | 22204 ||| INVOKING Finesse.
 22227 | Orc:2    | Killed an orc warlord
 22228 | Orc:2    | Reached skill level 18 in Axes
 22313 | Orc:2    | 22313 ||| INVOKING Heroism.
 22314 | Orc:2    | 22314 ||| Stepping ~*~*~tactically~*~*~ (stealth).
 22444 | Orc:2    | Found a staircase to the Elven Halls.
 22496 | Orc:2    | 22496 ||| INVOKING Heroism.
 22524 | Orc:2    | Noticed an orc warlord
 22525 | Orc:2    | 22525 ||| INVOKING Finesse.
 22532 | Orc:2    | HP: 19/98 [orc knight/+0 long sword (11)]
 22533 | Orc:2    | 22533 ||| READING 9 scrolls of teleportation.
 22534 | Orc:2    | 22534 ||| DRINKING 2 potions of heal wounds.
 22536 | Orc:2    | 22536 ||| INVOKING Heroism.
 22649 | Orc:2    | 22649 ||| Stepping ~*~*~tactically~*~*~ (hiding).
 22650 | Orc:2    | 22650 ||| INVOKING Heroism.
 22651 | Orc:2    | 22651 ||| INVOKING Finesse.
 22654 | Orc:2    | Noticed Urug
 22669 | Orc:2    | Paralysed by an orc sorcerer for 5 turns
 22671 | Orc:2    | HP: 14/98 [Urug/+1 long sword of draining (16)]
 22673 | Orc:2    | Mangled by Urug

Levels and vault maps discovered:
D:1:      minmay_arrival_arboretum_large, layout_rooms,
          hellmonk_ecumenical_altar_heavens_door
D:2:      layout_rooms, basic_altar, uniq_natasha
D:3:      layout_loops_ring, lemuel_tele_altar, gammafunk_temple_overflow_claw,
          serial_shops, nicolae_shop_hallway_plus, nicolae_shop_stone, shop,
          shop_fountains, portal_sewer_entry_d, kennysheep_orc_chapel
D:4:      layout_rooms, grunt_temple_overflow_opulence, serial_glass,
          glass_columns_b, glass_columns_b
D:5:      layout_basic, nicolae_vehumet_altar_sigil
D:6:      layout_loops_cross, minmay_temple_entry_hall, grunt_decor_mini_mirrors
D:7:      layout_basic, mainiacjoe_overflow_concentric_impassable
D:8:      layout_loops_corners, serial_shops, shop_statue,
          kennysheep_generic_room_3, uniq_amaemon
D:9:      cheibrodos_fzero, layout_cave_pods, lemuel_round_altar,
          minmay_misc_feat_nine_boxes, minivault_14
D:10:     layout_cave_pools, orc_david_3, serial_rivers,
          chequers_serial_rivers_marsh, chequers_serial_rivers_micro_a,
          chequers_serial_rivers_small_3, chequers_serial_rivers_micro_e,
          chequers_serial_rivers_micro_b, serial_bayou_pond_c, uniq_josephine,
          uniq_maurice
D:11:     minmay_sliced_demisemicircle, layout_basic, erik_lair_orcish_takeover
D:12:     layout_rooms
D:13:     layout_irregular_city, tgw_fedhas, uniq_kirke
D:14:     layout_rooms, grunt_vaults_entry_tiered
D:15:     gammafunk_enter_depths_forms, layout_loops_corners, serial_shops,
          shop, nrook_pool_corridor, elyvilon_altar_3
Temple:   hellmonk_temple_forest_ring
Lair:1:   layout_hall_layers, bh_autumn_forest_stairs
Lair:2:   layout_small_grid, serial_bayou_lagoon_b, serial_bayou_shore_a,
          infiniplex_staircase_pool
Lair:3:   layout_cave_pods, minmay_shoals_entry_centaurs, dummy_snake_entry,
          lemuel_old_faithful, grunt_megastairs_1
Lair:4:   layout_roguey
Lair:5:   grunt_lair_end_beastmaster, layout_loops_ring,
          nicolae_slime_entry_slimehenge, serial_bayou_shore_b,
          grunt_megastairs_2, lemuel_fruit_fields
Orc:1:    layout_caves, serial_shops, nicolae_shop_overgrown_old_shop, shop,
          shop_fountains, mines2_lemuel
Orc:2:    grunt_orc_cross, layout_diamond_mine

Skill      XL: |  1  2  3  4  5  6  7  8  9 10 11 12 13 14 15 |
---------------+----------------------------------------------+-----
Axes           | 2 3 4 5 6 7 8 10 11 13 14 16 18 | 18.0
Fighting       | 4 5 6 7 8 9 10 11 12 13 | 13.0
Dodging        | 1 2 3 |  3.0
Throwing       | 1 3 4 |  4.2
Armour         | 4 5 7 8 9 10 12 | 12.0
Shields        | 4 5 6 7 8 |  8.9
Invocations    | 4 5 9 10 | 10.0

Action                   |  1- 3 |  4- 6 |  7- 9 | 10-12 | 13-15 || total
-------------------------+-------+-------+-------+-------+-------++-------
Melee: War axe           |    67 |   129 |   285 |   255 |       ||   736
       Broad axe         |       |       |       |   177 |  1021 ||  1198
Throw: Boomerang         |       |    43 |    64 |    57 |   147 ||   311
       Javelin           |       |       |       |    30 |    44 ||    74
Invok: Heroism           |       |       |     4 |    25 |    47 ||    76
       Finesse           |       |       |       |     3 |    10 ||    13
  Use: Scroll            |     3 |     3 |    10 |     9 |     7 ||    32
       Potion            |     1 |     1 |     3 |     6 |     1 ||    12
 Stab: Petrifying        |       |       |       |       |     5 ||     5
       Petrified         |       |       |       |       |     1 ||     1
Armor: Scale mail        |    26 |    60 |    10 |       |       ||    96
       Chain mail        |       |       |   150 |   156 |       ||   306
       Plate armour      |       |       |       |   122 |   514 ||   636
Dodge: Dodged            |    28 |    41 |    79 |   210 |   367 ||   725
Block: Buckler           |    15 |    16 |    47 |   101 |   216 ||   395

Table legend:
 A = Non-vault XP
 B = Vault XP
 C = Vault XP percentage of total XP
 D = Non-vault monster count
 E = Vault monster count
 F = Vault count percentage of total count
                 A         B        C        D         E       F
            +---------+---------+-------+---------+---------+-------
      Total |   81585 |   46910 |  36.5 |     481 |     160 |  25.0
            +---------+---------+-------+---------+---------+-------
        D:1 |      30 |       0 |   0.0 |      18 |       0 |   0.0
        D:2 |     197 |      33 |  14.3 |      22 |       1 |   4.3
        D:3 |      74 |     101 |  57.7 |      16 |       5 |  23.8
        D:4 |     441 |       0 |   0.0 |      22 |       0 |   0.0
        D:5 |     382 |       0 |   0.0 |      10 |       0 |   0.0
        D:6 |    1213 |       0 |   0.0 |      37 |       0 |   0.0
        D:7 |     922 |       0 |   0.0 |      17 |       0 |   0.0
        D:8 |    2349 |    2123 |  47.5 |      23 |       4 |  14.8
        D:9 |    1048 |    2913 |  73.5 |      10 |      17 |  63.0
       D:10 |    3395 |    2394 |  41.4 |      16 |      10 |  38.5
       D:11 |    3544 |    7758 |  68.6 |      20 |      18 |  47.4
       D:12 |    2327 |       0 |   0.0 |       8 |       0 |   0.0
       D:13 |    8541 |    2392 |  21.9 |      18 |       6 |  25.0
       D:14 |    5063 |    8707 |  63.2 |      14 |      25 |  64.1
       D:15 |   10527 |    4957 |  32.0 |      32 |       9 |  22.0
     Lair:1 |    8001 |       0 |   0.0 |      33 |       0 |   0.0
     Lair:2 |    8184 |       0 |   0.0 |      38 |       0 |   0.0
     Lair:3 |    2290 |    1559 |  40.5 |      12 |       7 |  36.8
     Lair:4 |    9716 |    3126 |  24.3 |      29 |      12 |  29.3
     Lair:5 |    5886 |    7627 |  56.4 |      20 |      23 |  53.5
      Orc:1 |     614 |       0 |   0.0 |      13 |       0 |   0.0
      Orc:2 |    6841 |    3220 |  32.0 |      53 |      23 |  30.3
            +---------+---------+-------+---------+---------+-------
